 Dungeon Crawl Stone Soup version 0.31-a0-1589-g8f5e8aebd6 (webtiles) character file.

Game seed: 15687668765038152802

21025 quinnr the Devastator (level 12, -3/70 HPs)
             Began as a Tengu Air Elementalist on Jan 5, 2024.
             Was an Elder of Vehumet.
             Slain by a boulder beetle (41 damage)
             ... on level 11 of the Dungeon.
             The game lasted 00:28:57 (15850 turns).

quinnr the Devastator (Tengu Air Elementalist)     Turns: 15850, Time: 00:28:58

Health: -3/70      AC:  8    Str: 12    XL:     12   Next: 85%
Magic:  24/32      EV: 34    Int: 27    God:    Vehumet [****..]
Gold:   645        SH:  0    Dex: 14    Spells: 12/25 levels left

rFire   . . .        Q - staff of cold {!a}
rCold   + . .        (no shield)
rNeg    . . .        I - +2 robe {Will+}
rPois   +            K - +2 hat {Int+3}
rElec   .            O - +1 cloak "Lixiluniush" {Str+2 Int+4}
rCorr   .            (no gloves)
SInv    .            (boots unavailable)
Will    +....        (no amulet)
Stlth   +++          P - ring of poison resistance
HPRegen 0.31/turn    M - ring of magical power
MPRegen 0.23/turn

%: acrobat
@: acrobatic, flying
A: beak, talons 3, evasive flight, acrobatic
a: Renounce Religion


You were on level 11 of the Dungeon.
You worshipped Vehumet.
Vehumet was greatly pleased with you.
You visited 2 branches of the dungeon, and saw 13 of its levels.

You collected 645 gold pieces.


Innate Abilities, Weirdness & Mutations

You have a beak for a mouth.
You have claws for feet.
Your magical flight helps you evade attacks. (EV +4)
You can magically evade attacks while moving or waiting.


   Skills:
 - Level 6.0 Fighting
 - Level 4.0 Armour
 - Level 8.0 Dodging
 - Level 4.0 Stealth
 - Level 7.0 Spellcasting
 + Level 15.3 Conjurations
 - Level 6.0 Ice Magic
 - Level 10.0 Air Magic
 - Level 7.0 Evocations


You had 12 spell levels left.
You knew the following spells:

 Your Spells              Type           Power      Damage    Failure   Level
a - Airstrike             Air            29%        2d(5-21)  1%          4
i - Swiftness             Air            59%        N/A       1%          3
t - Static Discharge      Conj/Air       100%       3-8/arc   1%          2
z - Shock                 Conj/Air       100%       1d9       1%          1
X - Hailstorm             Conj/Ice       79%        3d13      1%          3

Your spell library contained the following spells:

 Spells                   Type           Power      Damage    Failure   Level
 Brom's Barrelling Bould  Conj/Erth      50%        2d7       1%          4
 Magic Dart               Conj           100%       1d8       0%          1
 Cigotuvi's Dreadful Rot  Necr/Alch/Air  54%        N/A       2%          2
 Ensorcelled Hibernation  Hex/Ice        76%        N/A       2%          2
 Summon Ice Beast         Ice/Summ       38%        N/A       4%          3
 Blink                    Tloc           18%        N/A       9%          2
 Call Imp                 Summ           18%        N/A       9%          2
 Fugue of the Fallen      Necr           9%         N/A       17%         3
 Tukima's Dance           Hex            9%         N/A       17%         3
 Yara's Violent Unravell  Hex/Alch       4%         3d4       36%         5
 Anguish                  Hex/Necr       4%         N/A       50%         4
 Dispel Undead            Necr           9%         3d8       50%         4
 Martyr's Knell           Necr/Summ      9%         N/A       50%         4
 Passage of Golubria      Tloc           9%         N/A       50%         4
 Sculpt Simulacrum        Ice/Alch       19%        N/A       95%         6
 Death Channel            Necr           4%         N/A       100%        6

Inventory:

Hand Weapons
 o - a +1 dagger of venom
 w - a +2 whip of electrocution
Missiles
 h - 18 boomerangs
 m - 3 throwing nets {=f}
 A - 6 atropa-tipped darts
Armour
 a - a +1 robe
 g - a +2 hat
 n - a +2 leather armour of fire resistance
 E - a +2 robe of positive energy
 I - a +2 robe of willpower (worn)
 K - a +2 hat of intelligence (worn)
 O - the +1 cloak "Lixiluniush" (worn) {Str+2 Int+4}
   (You found it on level 10 of the Dungeon)

   Str+2:     It affects your strength (+2).
   Int+4:     It affects your intelligence (+4).
Magical Staves
 Q - a staff of cold (weapon) {!a}
Jewellery
 F - a ring of fire
 M - a ring of magical power (right hand)
 P - a ring of poison resistance (left hand)
 R - a ring of resist corrosion
 T - a +4 ring of protection
Wands
 b - a wand of paralysis (5)
 B - a wand of polymorph (5)
 H - a wand of iceblast (3)
 U - a wand of flame (2)
Scrolls
 e - 3 scrolls of vulnerability {unknown}
 i - a scroll of blinking
 j - 2 scrolls of noise {unknown}
 l - 9 scrolls of fear
 r - a scroll of silence {unknown}
 x - a scroll of revelation
 y - 7 scrolls of teleportation {unknown}
 C - a scroll of amnesia
 J - a scroll of enchant armour
 S - a scroll of enchant weapon
 V - a scroll of poison
Potions
 c - a potion of invisibility
 d - 3 potions of mutation
 f - a potion of haste {@q3}
 k - 3 potions of heal wounds {@q2}
 p - 4 potions of brilliance {unknown}
 q - 3 potions of curing {unknown}
 t - a potion of enlightenment {unknown}
 u - a potion of lignification {unknown}
 v - a potion of ambrosia {unknown}
 z - 2 potions of attraction {unknown}
 G - 3 potions of might {unknown}
Miscellaneous
 D - a phantom mirror (inert)
 N - a lightning rod (2/4)

Dungeon Overview and Level Annotations

Branches:
Dungeon (12/15)            Temple (1/1) D:4             Orc (0/2) D:11
   Lair: D:8-11

Altars:
Ashenzari
Cheibriados
Dithmenos
Elyvilon
Fedhas
Gozag
Hepliaklqana
Kikubaaqudgha
Makhleb
Nemelex Xobeh
Okawaru
Qazlal
Ru
Sif Muna
Trog
Uskayaw
Vehumet
Wu Jian
Xom
Yredelemnul
Zin
The Shining One

Shops:
D:7 [

Annotations:
D:6 exclusion: downstairs
D:8 !DEATH YAKS
D:10 exclusion: downstairs
D:11 3 runed translucent doors, Dordric's ghost, journeyman TrBe

...>....#..#.▒ ▒▒▒▒
........^..#.▒ ♣♣~.♣♣
.............▒ ♣~≈~B♣♣♣♣
.............▒ .. ♣♣~P♣~P♣.
.............▒ ♣P~♣♣♣P~♣.~♣~
.............▒ ♣~~~~.♣♣♣~♣
....#........▒▒▒▒▒▒▒▒▒▒▒▒▒...▒▒▒▒
.........##......................
..#.......##....@B○°°..##○....○○.
..#...#...####..#..####......°...
....####### ###..####........#..
##### #..# #.........#.# # ####
###.......#.# ###....#..#
#...#....# #...##...# #...###.##


You could see a boulder beetle (rolling).


Message History

Casting: Hailstorm (safe; 1% risk of failure)
Press: ? - help, Dir - look around, f - activate You feel a surge of power!
A cannonade of hail descends around you!
The hail pelts the boulder beetle!!
The boulder beetle is moderately wounded.
The boulder beetle hits you!!!
Ouch! That really hurt!
* * * LOW HITPOINT WARNING * * *
The boulder beetle stops rolling and uncurls.
Unknown command.
The boulder beetle attacks as it pursues you!
The boulder beetle misses you.
Aiming: Thunderbolt
Press: ? - help, Shift-Dir - straight line, f - boulder beetle
Aim: a boulder beetle (moderately wounded)
The thunderbolt hits the boulder beetle!
The boulder beetle is heavily wounded.
The boulder beetle leaps!
Unknown command.
Aiming: Polymorph
Press: ? - help, Shift-Dir - straight line, f/p - boulder beetle
Aim: a boulder beetle (heavily wounded, will become a swamp worm, a steelbarb worm, or a snapping turtle, chance to affect: 49%)
The boulder beetle resists with some effort.
The boulder beetle curls into a ball and begins rolling!
Unknown command.
You see here 2 large rocks {=f}.
The boulder beetle hits you!!!
Ouch! That really hurt!
You die...

Skill      XL: |  1  2  3  4  5  6  7  8  9 10 11 12 |
---------------+-------------------------------------+-----
Conjurations   | 3 4 5 7 8 9 11 12 15 | 15.3
Air Magic      | 5 6 9 10 | 10.0
Armour         | 2 3 4 |  4.0
Evocations     | 2 4 6 7 |  7.0
Fighting       | 4 6 |  6.0
Dodging        | 4 7 8 |  8.0
Stealth        | 4 |  4.0
Spellcasting   | 3 5 7 |  7.0
Ice Magic      | 1 6 |  6.0

Action                     |  1- 3 |  4- 6 |  7- 9 | 10-12 || total
---------------------------+-------+-------+-------+-------++-------
  Melee: Unarmed           |    13 |     7 |       |       ||    20
         Kick              |     3 |     4 |    17 |       ||    24
         Peck              |     1 |     3 |     6 |     3 ||    13
         Dagger            |       |     2 |    23 |       ||    25
         Punch             |       |       |     1 |       ||     1
         Whip              |       |       |    23 |     8 ||    31
   Cast: Shock             |    54 |   156 |   169 |    69 ||   448
         Static Discharge  |       |    14 |    24 |    44 ||    82
         Airstrike         |       |       |    34 |   188 ||   222
         Swiftness         |       |       |     2 |     7 ||     9
         Hailstorm         |       |       |       |     3 ||     3
  Evoke: Wand              |       |       |     2 |    12 ||    14
         Phantom mirror    |       |       |       |     2 ||     2
         Lightning rod     |       |       |       |     2 ||     2
    Use: Scroll            |       |     5 |     1 |     8 ||    14
         Potion            |       |       |       |     1 ||     1
 Armour: Robe              |    11 |    41 |    75 |   103 ||   230
  Dodge: Dodged            |    29 |    50 |    81 |    91 ||   251

Levels and vault maps discovered:
D:1:      dreamdust_arrival_sigmund_warning, layout_basic,
          shapermc_ecumenical_altar_mp_highgroup, hangedman_decor_points,
          reono_crystal_passage, palyth_stone_intersect, minmay_split_cup_large
D:2:      layout_basic, basic_altar, minmay_shallow_snake_nest
D:3:      layout_basic, chequers_serial_rivers_small_b, uniq_grinder,
          uniq_terence, uniq_robin
D:4:      layout_rooms, kennysheep_little_box, minmay_temple_entry_wispy,
          solitary_fountain, minivault_26
D:5:      layout_cave_pools
D:6:      layout_gridville, mainiacjoe_overflow_catch_the_wave,
          serial_bayou_pond_e, grunt_decor_cap, kennysheep_flooded_box
D:7:      layout_cave_pools, cheibriados_altar_1, serial_shops, shop,
          st_stairs_5, nicolae_phantomly_mirrored
D:8:      layout_loops_cross, dpeg_lair_monsters, water_maze_lemuel, uniq_erica
D:9:      layout_rooms, uniq_psyche, uniq_gastronok, uniq_maggie, uniq_erolcha
D:10:     layout_gridville, hangedman_abyss_or_decor_stabs
D:11:     nzn_winding_woodlands_medium [nzn_winding_woodlands_5x5_checkerboard,
          nzn_winding_woodlands_5x15_zeroes,
          nzn_winding_woodlands_5x5_open_star,
          nzn_winding_woodlands_5x5_default,
          nzn_winding_woodlands_center_garden, nzn_winding_woodlands_hourglass,
          nzn_winding_woodlands_5x5_cross,
          nzn_winding_woodlands_5x15_lazy_stream,
          nzn_winding_woodlands_5x5_default], layout_cave_pools, orc_0_dummy,
          gammafunk_ghost_ooze, fungi_pond_lemuel, grunt_gozag_statues
D:12:     layout_roguey
Temple:   regret_index_temple_mists

Notes
Turn   | Place    | Note
-------+----------+-------------------------------------------
     0 | D:1      | quinnr the Tengu Air Elementalist began the quest for the
                  | Orb.
     0 | D:1      | Reached XP level 1. HP: 10/10 MP: 4/4
   123 | D:1      | Reached XP level 2. HP: 10/15 MP: 1/6
   137 | D:1      | Reached skill level 2 in Conjurations
   521 | D:1      | Reached skill level 3 in Conjurations
   662 | D:1      | Found a faded altar of an unknown god.
   871 | D:1      | Reached XP level 3. HP: 19/19 MP: 5/7
  1344 | D:2      | Reached skill level 4 in Conjurations
  1402 | D:2      | Learned a level 3 spell: Swiftness
  1551 | D:2      | Reached XP level 4. HP: 24/24 MP: 5/8
  2058 | D:2      | Found a hide-covered altar of Uskayaw.
  2303 | D:2      | Reached skill level 5 in Conjurations
  2607 | D:3      | Noticed Robin
  2622 | D:2      | Reached XP level 5. HP: 24/28 MP: 4/9
  2674 | D:2      | Reached skill level 5 in Air Magic
  2677 | D:2      | Learned a level 2 spell: Static Discharge
  2771 | D:3      | Noticed Terence
  2785 | D:3      | Killed Terence
  3196 | D:3      | Killed Robin
  3197 | D:3      | Reached skill level 6 in Conjurations
  3460 | D:3      | Noticed Grinder
  3470 | D:3      | Paralysed by Grinder for 2 turns
  3527 | D:3      | Reached skill level 7 in Conjurations
  3527 | D:3      | Reached XP level 6. HP: 8/32 MP: 1/10
  3707 | D:4      | Reached skill level 1 in Armour
  3972 | D:4      | Reached skill level 2 in Armour
  4219 | D:4      | Reached skill level 8 in Conjurations
  4219 | D:4      | Gained mutation: Your magical flight helps you evade
                  | attacks. (EV +4) [Tengu growth]
  4219 | D:4      | Reached XP level 7. HP: 32/36 MP: 4/11
  4309 | D:4      | Learned a level 4 spell: Airstrike
  4514 | D:4      | Found a glowing silver altar of Zin.
  4545 | D:4      | Reached skill level 3 in Armour
  4545 | D:4      | Reached skill level 1 in Evocations
  4576 | D:4      | Found a staircase to the Ecumenical Temple.
  4604 | Temple   | Entered the Ecumenical Temple
  4620 | Temple   | Became a worshipper of Vehumet
  4684 | D:5      | Entered Level 5 of the Dungeon
  4853 | D:5      | Noticed a steam dragon
  4861 | D:5      | Killed a steam dragon
  4991 | D:5      | Reached skill level 2 in Evocations
  5104 | D:5      | Reached skill level 6 in Air Magic
  5104 | D:5      | Reached XP level 8. HP: 34/41 MP: 1/12
  5118 | D:5      | Noticed a yak
  5326 | D:5      | Noticed a yak
  5328 | D:5      | Noticed a yak
  5329 | D:5      | Noticed a yak
  5357 | D:5      | Killed a yak
  5358 | D:5      | Reached skill level 4 in Armour
  5359 | D:5      | Noticed a yak
  5371 | D:5      | Killed a yak
  5372 | D:5      | Reached skill level 9 in Conjurations
  5372 | D:5      | Reached skill level 7 in Air Magic
  5372 | D:5      | Reached skill level 3 in Evocations
  5702 | D:5      | You are sucked into a shaft and drop 2 floors!
  5720 | D:7      | Noticed a two-headed ogre
  5720 | D:7      | Noticed a two-headed ogre
  5797 | D:6      | Reached skill level 4 in Evocations
  5926 | D:7      | Found Tudekosi's Armour Emporium.
  5928 | D:7      | Reached skill level 8 in Air Magic
  6208 | D:6      | Reached * piety under Vehumet
  6208 | D:6      | Offered knowledge of Sandblast by Vehumet.
  6249 | D:6      | Found a hazy altar of Hepliaklqana.
  6265 | D:6      | Reached skill level 9 in Air Magic
  6265 | D:6      | Reached XP level 9. HP: 46/46 MP: 5/13
  6354 | D:6      | Found a bloodstained altar of Trog.
  6367 | D:5      | Reached skill level 1 in Fighting
  6452 | D:5      | Reached skill level 3 in Dodging
  6452 | D:5      | Reached skill level 3 in Stealth
  6600 | D:5      | Reached skill level 2 in Fighting
  7235 | D:3      | Killed Grinder
  7236 | D:3      | Reached skill level 4 in Dodging
  7236 | D:3      | Reached skill level 4 in Stealth
  7535 | D:6      | Reached skill level 3 in Fighting
  8134 | D:6      | Reached skill level 4 in Fighting
  8665 | D:6      | Reached skill level 3 in Spellcasting
  8875 | D:7      | Offered knowledge of Searing Ray by Vehumet.
  8882 | D:7      | Reached ** piety under Vehumet
  9074 | D:7      | Killed a two-headed ogre
  9075 | D:7      | Reached skill level 11 in Conjurations
  9075 | D:7      | Reached skill level 10 in Air Magic
  9075 | D:7      | Reached XP level 10. HP: 56/56 MP: 0/16
  9306 | D:7      | Reached skill level 4 in Spellcasting
  9310 | D:6      | Killed a two-headed ogre
  9311 | D:6      | Reached skill level 5 in Spellcasting
  9509 | D:7      | Found a snail-covered altar of Cheibriados.
  9772 | D:8      | Noticed Erica
  9842 | D:8      | Noticed a death yak
  9842 | D:8      | Noticed a death yak
  9929 | D:8      | Killed Erica
  9930 | D:8      | Reached skill level 6 in Fighting
 10692 | D:9      | Reached skill level 5 in Dodging
 10698 | D:9      | Offered knowledge of Frozen Ramparts by Vehumet.
 10799 | D:9      | Noticed Gastronok
 10811 | D:9      | Killed Gastronok
 10812 | D:9      | Reached skill level 7 in Dodging
 10812 | D:9      | Reached XP level 11. HP: 61/64 MP: 2/19
 11044 | D:9      | Reached skill level 8 in Dodging
 11187 | D:9      | Noticed Maggie
 11212 | D:9      | Killed Maggie
 11212 | D:9      | Reached *** piety under Vehumet
 11213 | D:9      | Reached skill level 6 in Spellcasting
 11538 | D:9      | Noticed Psyche
 11546 | D:9      | Killed Psyche
 11623 | D:9      | Reached skill level 7 in Spellcasting
 11657 | D:9      | Noticed a two-headed ogre
 11680 | D:9      | Killed a two-headed ogre
 12036 | D:9      | Offered knowledge of Iskenderun's Mystic Blast by Vehumet.
 12041 | D:9      | Noticed Erolcha
 12061 | D:9      | Killed Erolcha
 12062 | D:9      | Reached skill level 5 in Evocations
 12073 | D:8      | Noticed a death yak
 12333 | D:10     | Entered Level 10 of the Dungeon
 12652 | D:10     | Identified the +0 ring mail "Jufew" {Rampage}
 12732 | D:11     | Found a staircase to the Orcish Mines.
 12833 | D:11     | Noticed a boulder beetle
 12838 | D:11     | Reached skill level 12 in Conjurations
 12839 | D:11     | Noticed a manticore
 12942 | D:10     | Noticed a two-headed ogre
 12949 | D:10     | Killed a two-headed ogre
 12950 | D:10     | Reached skill level 6 in Evocations
 13086 | D:10     | Identified the +1 cloak "Lixiluniush" {Str+2 Int+4}
 13299 | D:10     | Reached **** piety under Vehumet
 13589 | D:10     | Learned a level 3 spell: Hailstorm
 13702 | D:11     | Killed a manticore
 13703 | D:11     | Reached skill level 1 in Ice Magic
 13901 | D:11     | Reached XP level 12. HP: 70/70 MP: 22/23
 14018 | D:11     | Reached skill level 13 in Conjurations
 14018 | D:11     | Reached skill level 2 in Ice Magic
 14124 | D:10     | Reached skill level 7 in Evocations
 14406 | D:10     | Reached skill level 3 in Ice Magic
 14494 | D:11     | Found an opulent altar of Gozag.
 14506 | D:11     | Noticed a two-headed ogre
 14522 | D:11     | Killed a two-headed ogre
 14604 | D:11     | Killed a boulder beetle
 14604 | D:11     | Offered knowledge of Brom's Barrelling Boulder by Vehumet.
 14605 | D:11     | Reached skill level 4 in Ice Magic
 14807 | D:11     | Reached skill level 14 in Conjurations
 15078 | D:11     | Found a runed translucent gate.
 15078 | D:11     | Found a runed translucent gate.
 15078 | D:11     | Found a runed translucent gate.
 15079 | D:11     | Noticed Dordric's ghost (journeyman TrBe)
 15179 | D:11     | Noticed a two-headed ogre
 15187 | D:11     | Killed a two-headed ogre
 15400 | D:11     | Reached skill level 5 in Ice Magic
 15529 | D:11     | Noticed a sphinx
 15531 | D:11     | Noticed a two-headed ogre
 15535 | D:11     | Noticed a six-headed hydra
 15538 | D:11     | Killed a sphinx
 15540 | D:11     | Noticed a boulder beetle
 15542 | D:11     | Killed a six-headed hydra
 15543 | D:11     | Reached skill level 15 in Conjurations
 15566 | D:11     | Killed a two-headed ogre
 15567 | D:11     | Reached skill level 6 in Ice Magic
 15850 | D:11     | Slain by a boulder beetle

Vanquished Creatures
  A sphinx (D:11)
  Gastronok (D:9)
  Erolcha (D:9)
  A hydra (D:11)
  A boulder beetle (D:11)
  7 two-headed ogres
  Erica (D:8)
  5 skeletal warriors
  A manticore (D:11)
  A cyclops (D:11)
  2 unseen horrors (D:11)
  Maggie (D:9)
  Psyche (D:9)
  3 trolls (D:11)
  Grinder (D:3)
  A wraith (D:11)
  A shadow (D:10)
  A vampire (D:10)
  2 wyverns (D:9)
  8 yaks
  A basilisk (D:11)
  2 steam dragons
  4 acid dragons
  4 orc warriors
  2 black bears
  2 sky beasts (D:6)
  2 ogres
  A centaur (D:6)
  2 boggarts (D:7)
  2 phantoms
  3 kobold brigands
  2 gnoll sergeants
  2 scorpions
  12 wights
  10 killer bees
  2 electric eels
  2 howler monkeys
  2 gnoll boudas
  7 hounds
  4 jellies
  7 orc priests
  6 iguanas
  Terence (D:3)
  13 orc wizards
  A hell rat (D:8)
  Robin (D:3)
  14 gnolls
  10 adders
  2 ufetubi (D:5)
  4 ribbon worms
  3 dart slugs
  36 orcs
  5 endoplasms
  5 giant cockroaches
  19 goblins
  9 hobgoblins
  3 jackals (D:5)
  5 quokkas
  10 ball pythons
  6 bats
  3 frilled lizards
  21 kobolds
  8 rats
301 creatures vanquished.

Vanquished Creatures (others)
  An orc wizard (D:11)
1 creature vanquished.

Grand Total: 302 creatures vanquished

Table legend: (Time is in decaauts)
 A = Elapsed time spent in this place.
 B = Non-inter-level travel time spent in this place.
 C = Inter-level travel time spent in this place.
 D = Time resting spent in this place.
 E = Time spent auto-exploring this place.
 F = Levels seen in this place.
 G = Mean time per level.
                   A        B        C        D        E       F      G
               +--------+--------+--------+--------+--------+-----+--------+
         Total |  15851 |  15024 |    827 |   2482 |  10051 |  13 | 1219.3 |
       Dungeon |  15818 |  15023 |    795 |   2482 |  10051 |  12 | 1318.2 |
        Temple |     32 |      1 |     31 |      0 |      0 |   1 |   32.0 |
               +--------+--------+--------+--------+--------+-----+--------+

Top non-repeatable levels by time:
     D:6: 2131 daAuts
    D:10: 2117 daAuts
     D:3: 1482 daAuts
    D:11: 1377 daAuts
     D:5: 1340 daAuts
     D:1: 1336 daAuts
     D:2: 1333 daAuts
     D:7: 1328 daAuts
     D:9: 1288 daAuts
     D:4: 1170 daAuts
     D:8: 889 daAuts
  Temple: 32 daAuts
    D:12: 21 daAuts

Table legend:
 A = Non-vault XP
 B = Vault XP
 C = Vault XP percentage of total XP
 D = Non-vault monster count
 E = Vault monster count
 F = Vault count percentage of total count
                 A         B        C        D         E       F
            +---------+---------+-------+---------+---------+-------
      Total |   15721 |   14315 |  47.7 |     247 |      54 |  17.9
            +---------+---------+-------+---------+---------+-------
        D:1 |      47 |       7 |  13.0 |      22 |       4 |  15.4
        D:2 |      73 |      23 |  24.0 |      17 |       8 |  32.0
        D:3 |     146 |     348 |  70.4 |      24 |      13 |  35.1
        D:4 |     467 |       0 |   0.0 |      24 |       0 |   0.0
        D:5 |    1347 |       0 |   0.0 |      25 |       0 |   0.0
        D:6 |    1124 |     830 |  42.5 |      33 |       1 |   2.9
        D:7 |     839 |    1191 |  58.7 |      17 |       5 |  22.7
        D:8 |     173 |     868 |  83.4 |      10 |       4 |  28.6
        D:9 |    4121 |    3025 |  42.3 |      39 |       4 |   9.3
       D:10 |    4645 |       0 |   0.0 |      22 |       0 |   0.0
       D:11 |    2739 |    8023 |  74.5 |      14 |      15 |  51.7
            +---------+---------+-------+---------+---------+-------

Levels and vault maps discovered:
D:1:      dreamdust_arrival_sigmund_warning, layout_basic,
          shapermc_ecumenical_altar_mp_highgroup, hangedman_decor_points,
          reono_crystal_passage, palyth_stone_intersect, minmay_split_cup_large
D:2:      layout_basic, basic_altar, minmay_shallow_snake_nest
D:3:      layout_basic, chequers_serial_rivers_small_b, uniq_grinder,
          uniq_terence, uniq_robin
D:4:      layout_rooms, kennysheep_little_box, minmay_temple_entry_wispy,
          solitary_fountain, minivault_26
D:5:      layout_cave_pools
D:6:      layout_gridville, mainiacjoe_overflow_catch_the_wave,
          serial_bayou_pond_e, grunt_decor_cap, kennysheep_flooded_box
D:7:      layout_cave_pools, cheibriados_altar_1, serial_shops, shop,
          st_stairs_5, nicolae_phantomly_mirrored
D:8:      layout_loops_cross, dpeg_lair_monsters, water_maze_lemuel, uniq_erica
D:9:      layout_rooms, uniq_psyche, uniq_gastronok, uniq_maggie, uniq_erolcha
D:10:     layout_gridville, hangedman_abyss_or_decor_stabs
D:11:     nzn_winding_woodlands_medium [nzn_winding_woodlands_5x5_checkerboard,
          nzn_winding_woodlands_5x15_zeroes,
          nzn_winding_woodlands_5x5_open_star,
          nzn_winding_woodlands_5x5_default,
          nzn_winding_woodlands_center_garden, nzn_winding_woodlands_hourglass,
          nzn_winding_woodlands_5x5_cross,
          nzn_winding_woodlands_5x15_lazy_stream,
          nzn_winding_woodlands_5x5_default], layout_cave_pools, orc_0_dummy,
          gammafunk_ghost_ooze, fungi_pond_lemuel, grunt_gozag_statues
D:12:     layout_roguey
Temple:   regret_index_temple_mists
